 Dungeon Crawl Stone Soup version 0.25.1-2-g60ff931df9 (webtiles) character file.

Game seed: 10901444574492721976

536 HawFromDerth the Sneak (level 7, -9/48 HPs)
             Began as a Vampire Ice Elementalist on Sept 20, 2020.
             Was an Initiate of Dithmenos.
             Mangled by an ice beast (13 damage)
             ... on level 5 of the Dungeon.
             The game lasted 00:11:41 (4022 turns).

HawFromDerth the Sneak (Vampire Ice Elementalist)   Turns: 4022, Time: 00:11:42

Health: -9/48      AC:  2    Str: 13    XL:     7   Next: 4%
Magic:  18/21      EV: 13    Int: 20    God:    Dithmenos [......]
Gold:   423        SH:  0    Dex: 14    Spells: 1/12 levels left

rFire    . . .     SeeInvis +   r - +7 quarterstaff of Hell's Wrath {flame, MP+9}
rCold    . . .     Gourm    .   (shield currently unavailable)
rNeg     . . .     Faith    +   a - +0 robe
rPois    .         Spirit   .   (no helmet)
rElec    .         Reflect  .   (no cloak)
rCorr    .         Harm     .   (no gloves)
MR       .....                  (no boots)
Stlth    +++.......             f - amulet of faith
HPRegen  0.36/turn              q - +6 ring of strength
MPRegen  0.17/turn              (no ring)

@: lethally poisoned (-9 -> -9), regenerating quickly
A: no food, fangs 3, see invisible, unbreathing
a: Exsanguinate, Renounce Religion


You were on level 5 of the Dungeon.
You worshipped Dithmenos.
Dithmenos was noncommittal.
You were alive.

You visited 2 branches of the dungeon, and saw 6 of its levels.

You collected 423 gold pieces.

Inventory:

Hand Weapons
 r - the +7 quarterstaff of Hell's Wrath (weapon) {flame, MP+9}
   (You found it on level 4 of the Dungeon)

   It has been specially enchanted to burn those struck by it, causing extra
   injury to most foes and up to half again as much damage against particularly
   susceptible opponents.
   It affects your magic capacity (+9).
Armour
 a - a +0 robe (worn)
Jewellery
 f - an amulet of faith (around neck)
 q - a +6 ring of strength (left hand)
 u - a +4 ring of evasion {unknown}
Wands
 s - a wand of acid (5)
Scrolls
 b - a scroll of random uselessness
 d - a scroll of fog {unknown}
 e - 5 scrolls of identify
 h - a scroll of noise
 j - a scroll of blinking {unknown}
 k - a scroll of enchant weapon {unknown}
 m - 2 scrolls of remove curse {unknown}
 n - a scroll of magic mapping {unknown}
 o - 2 scrolls of teleportation {unknown}
 t - a scroll of immolation {unknown}
Potions
 c - 4 potions of heal wounds
 g - 2 potions of stabbing
 i - a potion of invisibility {unknown}
 l - a potion of flight {unknown}
 p - 2 potions of degeneration {unknown}


   Skills:
 + Level 1.5 Fighting
   Level 0.4 Short Blades
 + Level 2.1 Staves
 + Level 3.1 Dodging
 * Level 6.7 Stealth
 + Level 3.4 Spellcasting
 + Level 5.2 Ice Magic


You had one spell level left.
You knew the following spells:

 Your Spells              Type           Power        Failure   Level  Hunger
a - Freeze                Ice            ###.         1%          1    N/A
b - Frozen Ramparts       Ice            ###...       4%          3    N/A
c - Summon Ice Beast      Ice/Summ       ##......     41%         4    N/A
d - Ozocubu's Armour      Chrm/Ice       ##......     14%         3    N/A

Your spell library contained the following spells:

 Spells                   Type           Power        Failure   Level  Hunger
 Animate Skeleton         Necr           N/A          14%         1    N/A
 Apportation              Tloc           #.....       14%         1    N/A
 Corona                   Hex            #......      14%         1    N/A
 Summon Small Mammal      Summ           #...         14%         1    N/A
 Hailstorm                Conj/Ice       ##......     41%         4    N/A

Dungeon Overview and Level Annotations

Branches:
Dungeon (5/15)             Temple (1/1) D:4

Altars:
Cheibriados
Dithmenos
Elyvilon
Fedhas
Gozag

Shops:
D:5 :


Innate Abilities, Weirdness & Mutations

You do not eat.
Your natural rate of healing is unusually fast.
You have razor-sharp teeth.
You have supernaturally acute eyesight. (SInv)
You can survive without breathing.


Message History

The ice beast completely resists.
The wall freezes the ice beast but do no damage.
The ice beast hits you. The ice beast freezes you!
You closely miss the ice beast.
The frozen ramparts melt away.
The ice beast hits you. The ice beast freezes you!
* * * LOW HITPOINT WARNING * * *
The ice beast closely misses you.
Casting: Frozen Ramparts (dangerous; 4% risk of failure)
Confirm with . or Enter, or press ? or * to list all spells.
You don't know that spell.
Evoke which item? (* to show all) (? for menu, Esc to quit)
Aiming: Corrosive Bolt
Press: ? - help, Shift-Dir - straight line, f - ice beast
Aim: an ice beast The bolt of acid hits the ice beast!
The ice beast is splashed with acid!
The ice beast is almost dead.
You feel sick. The ice beast hits you.
* * * LOW HITPOINT WARNING * * *
The ice beast freezes you!
You die...

......)).....#
#.###..###.#
....†........#
#.#.....%..#
.............#
#.#........#
.............#
#.#........#
#..)########.#
#.#........#
#...# #.#
#.#####..#.#
#...# #.# #.#
##.#.# #...#
####'###.#
#...# #####
#......Y@#
##..# #
#......###
#..# #
#......# #..#
# #......#
#.># #
#......# ##.#
# #....... #.#
## #.......
#.# .#
#....... .#
#####...#


You could see an ice beast.

Vanquished Creatures
  An ogre (D:4)
  A bullfrog (D:4)
  A scorpion (D:5)
  A bullfrog zombie (D:5)
  2 crimson imps
  A bullfrog skeleton (D:4)
  3 orc wizards
  An iguana (D:5)
  A hound skeleton (D:4)
  An adder (D:2)
  An ooze (D:2)
  2 worms
  2 dart slugs (D:1)
  5 leopard geckos
  10 orcs
  6 bats
  A giant cockroach (D:3)
  4 goblins
  4 hobgoblins
  3 quokkas
  4 frilled lizards
  4 kobolds
  A leopard gecko zombie (D:4)
  2 quokka skeletons (D:4)
  A quokka zombie (D:5)
  8 rats
  A fungus (D:1)
72 creatures vanquished.

Vanquished Creatures (others)
  4 toadstools (D:1)
4 creatures vanquished.

Grand Total: 76 creatures vanquished

Notes
Turn   | Place    | Note
-------+----------+-------------------------------------------
     0 | D:1      | HawFromDerth the Vampire Ice Elementalist began the quest
                  | for the Orb.
     0 | D:1      | Reached XP level 1. HP: 13/13 MP: 3/3
   282 | D:1      | Reached XP level 2. HP: 12/19 MP: 0/5
  1149 | D:2      | Reached XP level 3. HP: 22/25 MP: 1/6
  1168 | D:2      | Learned a level 3 spell: Frozen Ramparts
  1430 | D:2      | Reached skill level 4 in Stealth
  1430 | D:2      | Reached XP level 4. HP: 27/31 MP: 0/7
  1635 | D:2      | You fall into a shaft and drop 1 floor!
  1677 | D:2      | Found a blossoming altar of Fedhas.
  2440 | D:3      | You fall into a shaft and drop 1 floor!
  2642 | D:4      | Got an ancient quarterstaff
  2643 | D:4      | Identified the +7 quarterstaff of Hell's Wrath {flame,
                  | MP+9} (You found it on level 4 of the Dungeon)
  2810 | D:4      | Found a staircase to the Ecumenical Temple.
  2874 | D:4      | Noticed a bullfrog
  2884 | D:4      | Killed a bullfrog
  2884 | D:4      | Reached skill level 5 in Stealth
  2884 | D:4      | Reached XP level 5. HP: 24/36 MP: 9/9
  2953 | D:4      | Reached skill level 5 in Ice Magic
  3272 | D:4      | Reached skill level 1 in Fighting
  3322 | D:4      | Noticed an ogre
  3337 | D:4      | Killed an ogre
  3337 | D:4      | Reached skill level 1 in Staves
  3337 | D:4      | Reached skill level 6 in Stealth
  3337 | D:4      | Reached XP level 6. HP: 42/43 MP: 10/10
  3435 | Temple   | Entered the Ecumenical Temple
  3462 | Temple   | Became a worshipper of Dithmenos the Shadowed
  3507 | D:5      | Entered Level 5 of the Dungeon
  3692 | D:5      | Found an opulent altar of Gozag.
  3829 | D:5      | Found Xyvab's Book Shop.
  3940 | D:5      | Learned a level 4 spell: Summon Ice Beast
  3944 | D:5      | Learned a level 3 spell: Ozocubu's Armour
  4012 | D:5      | Noticed an ice beast
  4017 | D:5      | Reached XP level 7. HP: 38/48 MP: 12/12
  4022 | D:5      | Mangled by an ice beast

Illustrated notes

Levels and vault maps discovered:
D:1:      kilobyte_arrival_exit_the_forest, layout_basic,
          minmay_gold_behind_fungi, bh_walls_and_bars
D:2:      layout_loops_ring, chequers_serial_rivers_micro_c, fedhas_altar_3
D:3:      layout_rooms
D:4:      layout_loops_cross, minmay_temple_entry_enclosed_plants, first_ration
D:5:      layout_basic, grunt_gozag_breadcrumbs, nicolae_overflow_hidden_temple,
          serial_shops, nicolae_shop_stone, trog_book
Temple:   kb_temple_of_zot

Skill      XL: |  1  2  3  4  5  6 |
---------------+-------------------+-----
Stealth        | 4 5 6 |  6.7
Spellcasting   | 3 |  3.4
Ice Magic      | 5 |  5.2
Fighting       | 1 |  1.5
Staves         | 1 2 |  2.1
Dodging        | 3 |  3.1
Short Blades   | |  0.4

Action                   |  1- 3 |  4- 6 |  7- 9 || total
-------------------------+-------+-------+-------++-------
Melee: Dagger            |    61 |    18 |       ||    79
       Bite              |     6 |     6 |       ||    12
       Unarmed           |     1 |       |       ||     1
       Quarterstaff      |       |    64 |     2 ||    66
 Cast: Freeze            |    30 |    23 |       ||    53
       Frozen Ramparts   |     1 |     7 |       ||     8
       Ozocubu's Armour  |       |     1 |       ||     1
Evoke: Wand              |       |       |     1 ||     1
  Use: Scroll            |     4 |     1 |       ||     5
 Stab: Sleeping          |     7 |    10 |       ||    17
Armor: Robe              |     9 |    10 |       ||    19
Dodge: Dodged            |    34 |    61 |     1 ||    96
